 Dungeon Crawl Stone Soup version 0.28.0-43-g3370ac3207 (webtiles) character file.

Game seed: 1468703167623799953

5 Icepheonix32 the Sneak (level 1, -9/9 HPs)
             Began as a Spriggan Enchanter on Mar 22, 2022.
             Mangled by a gnoll
             ... wielding a +1 flail of holy wrath
              (11 damage)
             ... on level 1 of the Dungeon.
             The game lasted 00:00:30 (88 turns).

Icepheonix32 the Sneak (Spriggan Enchanter)           Turns: 88, Time: 00:00:31

Health: -9/9       AC:  2    Str:  4    XL:     1   Next: 66%
Magic:  5/5        EV: 17    Int: 16    God:
Gold:   0          SH:  0    Dex: 15    Spells: 5/5 levels left

rFire   . . .      SeeInvis +   a - +1 dagger
rCold   . . .      Faith    .   (no shield)
rNeg    . . .      Spirit   .   b - +0 robe
rPois   .          Reflect  .   (helmet restricted)
rElec   .          Harm     .   (no cloak)
rCorr   .          Rampage  .   (gloves unavailable)
Will    .....                   (boots unavailable)
Stlth   +++.......              (no amulet)
HPRegen 0.03/turn               (no ring)
MPRegen 0.09/turn               (no ring)

@: weak-willed, very quick
A: very small, no large weapons, unfitting armour, see invisible, speed 3
a: no special abilities


You were on level 1 of the Dungeon.
You visited 1 branch of the dungeon, and saw 1 of its levels.

Inventory:

Hand Weapons
 a - a +1 dagger (weapon)
Armour
 b - a +0 robe (worn)
Potions
 c - a potion of invisibility


   Skills:
 - Level 1.1 Short Blades
 - Level 2.6 Dodging
 * Level 4.8 Stealth
 - Level 2.6 Spellcasting
 + Level 3.8 Hexes


You had 5 spell levels left.
You didn't know any spells.
Your spell library contained the following spells:

 Spells                   Type           Power      Damage    Failure   Level
 Confusing Touch          Hex            14%        N/A       12%         3
 Tukima's Dance           Hex            14%        N/A       12%         3
 Ensorcelled Hibernation  Hex/Ice        16%        N/A       13%         2
 Dazzling Flash           Conj/Hex       16%        N/A       26%         3


Dungeon Overview and Level Annotations

Branches:
Dungeon (1/15)

Altars:


Innate Abilities, Weirdness & Mutations

You are very small and have problems with some larger weapons.
You are too small for most types of armour.
You have supernaturally acute eyesight. (SInv)
You cover ground extremely quickly. (Speed+++)


Message History

You barely miss the endoplasm.
The endoplasm hits you but does no damage.
You hit the endoplasm but do no damage. The endoplasm freezes you.
You are frozen.
You hit the endoplasm.
The endoplasm is lightly wounded.
The endoplasm freezes you.
You are frozen.
You hit the endoplasm.
The endoplasm is moderately wounded.
The endoplasm hits you.
* * * LOW HITPOINT WARNING * * *
Okay, then.
You hit the endoplasm.
The endoplasm is heavily wounded.
The endoplasm misses you.
You hit the endoplasm but do no damage.
The endoplasm is heavily wounded.
You barely miss the endoplasm.
The endoplasm is heavily wounded.
The endoplasm barely misses you.
You hit the endoplasm.
You kill the endoplasm!
The goblin barely misses you.
You see here a bat corpse.
You hit the goblin.
The goblin is severely wounded.
The goblin barely misses you.
You hit the goblin.
You kill the goblin!
You closely miss the gnoll. The gnoll completely misses you.
You hit the gnoll.
The gnoll is moderately wounded.
The gnoll barely misses you.
You hit the gnoll.
The gnoll is moderately wounded.
The gnoll hits you with a +1 flail of holy wrath!
Ouch! That really hurt!
You die...

#>## ..$.## #
.⌠....#####. #.######
...⌠....#... #.#.g@.#
⌠....⌠...(.⌠ #.#.####
............ #....##
#....<...
#####.#J#.####
####...##
...........#.## ##...##
8.###.#.#.....##
##..⌠..#
#....#.....####.......
##.#.##......##..⌠...⌠.
#....##.#..........⌠...


You could see a gnoll.

Vanquished Creatures
  A bat (D:1)
  2 endoplasms (D:1)
  A goblin (D:1)
4 creatures vanquished.

Notes
Turn   | Place    | Note
-------+----------+-------------------------------------------
     0 | D:1      | Icepheonix32 the Spriggan Enchanter began the quest for the
                  | Orb.
     0 | D:1      | Reached XP level 1. HP: 9/9 MP: 5/5
    88 | D:1      | Mangled by a gnoll

Illustrated notes

Levels and vault maps discovered:
D:1:      dpeg_arrival_leaves_temple_mockup, layout_loops_ring,
          shapermc_ecumenical_altar_venn, serial_shops,
          nicolae_shop_statue_plus, wander_ebering_terrifying_dragon_lair

Action                   || total
-------------------------++-------
Melee: Dagger            ||    21
  Use: Scroll            ||     1
 Stab: Sleeping          ||     1
Armor: Robe              ||     7
Dodge: Dodged            ||    25
